Map: Odyssey LE

Players

Psych

  • Race: Terran Terran
  • League: Grandmaster
  • Spawn Location: 11:00

ZenedoR - Winner!

  • Race: Zerg Zerg
  • League: Master
  • Spawn Location: 5:00

Event: HopeTL

VOD

https://www.youtube.com/watch?v=fIOJgj8wW98&list=PL9QsjkBYtQM7NVZEDVfaNugqO61aBOlm6&index=1

Description

Time

  • Played on: Oct. 15, 2017, 6:49 p.m.
  • Length: 5:20
Show
View Real Time Build Order
Export as new Build Order

Psych Terran 

Build Orders: Reaper Expand 

Get SALT Encoding   

  12  0:01  SCV  
  13  0:13  SCV  
  14  0:17  Supply Depot  
  14  0:25  SCV  
  15  0:38  SCV  
  15  0:39  Barracks  
  16  0:43  Refinery  
  16  0:50  SCV  
  17  1:02  SCV  
  18  1:14  SCV  
  19  1:26  Reaper  
  19  1:27  Orbital Command  
  20  1:42  Command Center  
  20  1:52  SCV  
  21  1:58  Marine  
  22  2:05  SCV  
  22  2:07  Supply Depot  
  23  2:09  Factory  
  23  2:20  Refinery  
  23  2:21  Barracks Reactor  
  23  2:28  SCV  
  24  2:40  SCV  
  25  2:52  SCV  
  25  2:54  Orbital Command  
  26  3:03  Starport  
  26  3:04  SCV, Barracks Tech Lab, Hellion x2  
  31  3:17  SCV  
  32  3:22  SCV  
  32  3:26  Supply Depot, Hellion x2  
  37  3:29  SCV  
  37  3:34  SCV  
  39  3:45  Medivac  
  39  3:47  SCV x2  
  43  3:50  Supply Depot  
  42  3:59  SCV  
  42  4:00  SCV  
  42  4:01  Factory Tech Lab  
  44  4:03  Marine x2  
  46  4:10  Command Center  
  46  4:11  SCV  
  46  4:16  Supply Depot, SCV  
  48  4:30  Barracks  
  48  4:33  SCV  
  48  4:35  SCV  
  48  4:37  Refinery  
  50  4:40  Factory Reactor  
  50  4:43  Marauder  
  50  4:45  SCV  
  51  4:50  Bunker  
  49  4:55  Bunker  
Show
View Real Time Build Order
Export as new Build Order

ZenedoR Zerg - Winner!

Build Orders: Hatch First 

Get SALT Encoding   

  12  0:01  Drone  
  13  0:12  Overlord  
  13  0:17  Drone  
  14  0:30  Drone x2  
  14  0:34  Drone  
  17  0:52  Hatchery  
  17  0:53  Drone  
  17  0:57  Drone  
  18  1:07  Extractor  
  17  1:12  Spawning Pool  
  17  1:14  Drone  
  17  1:19  Drone  
  18  1:28  Drone  
  19  1:40  Overlord  
  19  1:59  Queen  
  19  2:01  Zergling x4  
  23  2:05  Queen  
  23  2:06  Drone  
  23  2:07  Metabolic Boost  
  26  2:11  Drone  
  27  2:17  Drone  
  27  2:21  Drone  
  29  2:32  Spore Crawler  
  29  2:49  Hatchery, Drone  
  29  2:50  Drone  
  30  2:55  Drone x2  
  30  2:56  Roach Warren  
  31  3:08  Overlord  
  31  3:10  Overlord  
  30  3:14  Overlord  
  30  3:16  Overlord  
  30  3:39  Roach  
  30  3:40  Roach x5  
  42  3:46  Spore Crawler  
  42  3:48  Roach  
  44  3:58  Roach x4  
  52  4:03  Zergling x4  
  52  4:05  Zergling x2  
  52  4:07  Zergling x2  
  52  4:09  Zergling x2  
  57  4:22  Zergling x2  
  57  4:23  Zergling x8  
  62  4:35  Zergling x2  
  62  4:36  Zergling x10  
  67  4:39  Ravager  
  67  4:43  Zergling x2  
  67  4:44  Zergling x4  
  68  4:53  Zergling x6  
Tags
 
Add a new tag
Caveats
  • Supply blocks, unpowered buildings, or Contaminate may cause inaccurate times.
  • Supply counts are checked every 10 seconds.